[ AOE2 MATCH · #504880621 ]
UnrankedKhitans vs Poles
Player's team · WIN
Rival team · LOSS
[ REPLAY ANALYSIS · EXTRACTED FROM THE RECORDED GAME ]
Feudal
11:21
Castle
14:57
Imperial
32:51
| APM avg | 26.6 |
| APM peak | 60 |
| eAPM avg | 20.2 |
| Villagers / military | 141 / 86 |
Focus
⚔️ 25.0% · 🌾 75.0%
Steppe Lancer ×54 · Battering Ram ×14 · Trebuchet (Packed) ×8 · Camel Scout ×5 · Monk ×3 · Iron Pagoda ×1
Feudal
8:51
Castle
21:53
Imperial
33:04
| APM avg | 37.6 |
| APM peak | 79 |
| eAPM avg | 24.2 |
| Villagers / military | 136 / 65 |
Focus
⚔️ 27.3% · 🌾 72.7%
Archer ×55 · Bombard Cannon ×6 · Mangonel ×2 · Monk ×1 · Trebuchet (Packed) ×1
Match map
Initial resources + every placement click. Lines = walls · curves = elevation contours. ◆ gold · ⬟ stone · ● berries · ✦ relic · ◌ wall gap
Your base· ✓ Closed at 14:57 · 40t walls · 2 gate(s)
Walmart's base· ✓ Closed at 21:53 · 16t walls · 3 gate(s)
Smoothed initial terrain · ◌ = detected wall gap · hover for details
Inputs per minute
— jj1471 - - Walmart
Build order — jj1471
First 150 of 364 actions detected
| 0:01 | Queue | Villager (Male) |
| 0:01 | Queue | Villager (Male) |
| 0:03 | Build | House |
| 0:04 | Build | House |
| 0:23 | Queue | Villager (Male) |
| 0:23 | Queue | Villager (Male) |
| 1:40 | Queue | Villager (Male) |
| 1:56 | Build | Lumber Camp |
| 2:01 | Queue | Villager (Male) |
| 2:19 | Queue | Villager (Male) |
| 2:46 | Queue | Villager (Male) |
| 3:07 | Queue | Villager (Male) |
| 3:27 | Build | House |
| 3:28 | Build | House |
| 3:29 | Build | House |
| 3:35 | Queue | Villager (Male) |
| 3:58 | Queue | Villager (Male) |
| 4:12 | Queue | Villager (Male) |
| 4:32 | Queue | Villager (Male) |
| 4:55 | Build | Mill |
| 5:03 | Queue | Villager (Male) |
| 5:22 | Queue | Villager (Male) |
| 5:39 | Queue | Villager (Male) |
| 5:58 | Queue | Villager (Male) |
| 5:58 | Queue | Villager (Male) |
| 6:36 | Queue | Villager (Male) |
| 6:36 | Queue | Villager (Male) |
| 6:36 | Queue | Villager (Male) |
| 7:00 | Build | Pasture |
| 7:41 | Queue | Villager (Male) |
| 7:41 | Queue | Villager (Male) |
| 7:41 | Queue | Villager (Male) |
| 8:36 | Build | Barracks |
| 8:48 | Research | Feudal Age |
| 9:05 | Build | Palisade Wall |
| 9:12 | Build | Palisade Wall |
| 9:16 | Build | Palisade Wall |
| 9:23 | Build | Mining Camp |
| 9:31 | Research | Loom |
| 9:32 | Queue | Villager (Male) |
| 9:33 | Queue | Villager (Male) |
| 10:18 | Build | Palisade Wall |
| 10:24 | Build | Palisade Wall |
| 11:21 | Age | Feudal Age |
| 11:26 | Build | Blacksmith |
| 11:29 | Build | Stable |
| 12:17 | Research | Castle Age |
| 12:33 | Build | Pasture |
| 12:40 | Build | House |
| 12:43 | Build | House |
| 12:53 | Research | Double-Bit Axe |
| 13:51 | Queue | Villager (Male) |
| 14:11 | Research | Forging |
| 14:21 | Build | Pasture |
| 14:57 | Age | Castle Age |
| 14:59 | Build | Siege Workshop |
| 15:02 | Queue | Villager (Male) |
| 15:09 | Queue | Steppe Lancer |
| 15:09 | Queue | Steppe Lancer |
| 15:28 | Queue | Steppe Lancer |
| 15:34 | Queue | Battering Ram |
| 15:36 | Queue | Villager (Male) |
| 15:40 | Build | Pasture |
| 15:58 | Queue | Villager (Male) |
| 16:19 | Queue | Villager (Male) |
| 16:22 | Queue | Battering Ram |
| 16:33 | Queue | Steppe Lancer |
| 16:51 | Queue | Villager (Male) |
| 16:58 | Build | Pasture |
| 17:04 | Queue | Steppe Lancer |
| 17:17 | Build | House |
| 17:20 | Build | House |
| 17:20 | Build | House |
| 17:21 | Build | House |
| 17:21 | Build | House |
| 17:21 | Build | House |
| 17:21 | Build | House |
| 17:23 | Queue | Villager (Male) |
| 17:46 | Queue | Villager (Male) |
| 18:00 | Queue | Steppe Lancer |
| 18:11 | Queue | Villager (Male) |
| 18:22 | Build | House |
| 18:22 | Build | House |
| 18:22 | Build | House |
| 18:23 | Build | House |
| 18:23 | Build | House |
| 18:26 | Queue | Villager (Male) |
| 18:46 | Queue | Villager (Male) |
| 18:58 | Queue | Villager (Male) |
| 19:10 | Build | Town Center |
| 19:21 | Queue | Villager (Male) |
| 19:36 | Queue | Villager (Male) |
| 19:58 | Build | Town Center |
| 20:00 | Queue | Villager (Male) |
| 20:10 | Queue | Villager (Male) |
| 20:13 | Build | Monastery |
| 20:30 | Queue | Villager (Male) |
| 20:45 | Queue | Villager (Male) |
| 20:48 | Build | Pasture |
| 21:09 | Queue | Villager (Male) |
| 21:12 | Build | Pasture |
| 21:13 | Queue | Monk |
| 21:18 | Queue | Villager (Male) |
| 21:25 | Queue | Battering Ram |
| 21:27 | Queue | Villager (Male) |
| 21:46 | Build | Pasture |
| 21:47 | Queue | Villager (Male) |
| 21:52 | Queue | Scout Cavalry |
| 21:55 | Queue | Steppe Lancer |
| 21:56 | Queue | Villager (Male) |
| 22:01 | Queue | Villager (Male) |
| 22:19 | Build | Stone Wall |
| 22:23 | Queue | Villager (Male) |
| 22:24 | Queue | Villager (Male) |
| 22:32 | Build | Pasture |
| 22:32 | Build | Pasture |
| 22:32 | Build | Pasture |
| 22:32 | Build | Pasture |
| 22:33 | Build | Pasture |
| 22:42 | Queue | Monk |
| 22:43 | Queue | Villager (Male) |
| 22:51 | Build | House |
| 22:52 | Build | House |
| 22:53 | Build | House |
| 22:54 | Build | House |
| 22:56 | Queue | Villager (Male) |
| 23:00 | Queue | Villager (Male) |
| 23:12 | Queue | Villager (Male) |
| 23:13 | Queue | Villager (Male) |
| 23:13 | Queue | Villager (Male) |
| 23:25 | Queue | Villager (Male) |
| 23:43 | Queue | Villager (Male) |
| 23:44 | Queue | Villager (Male) |
| 23:55 | Build | Pasture |
| 23:55 | Build | Pasture |
| 23:55 | Build | Pasture |
| 23:55 | Build | Pasture |
| 23:58 | Queue | Villager (Male) |
| 24:03 | Build | Pasture |
| 24:10 | Queue | Steppe Lancer |
| 24:13 | Queue | Monk |
| 24:15 | Queue | Villager (Male) |
| 24:15 | Queue | Villager (Male) |
| 24:24 | Build | House |
| 24:25 | Build | House |
| 24:25 | Build | House |
| 24:26 | Build | House |
| 24:26 | Build | House |
| 24:26 | Build | House |
| 24:27 | Build | House |
Build order — Walmart
First 150 of 369 actions detected
| 0:01 | Queue | Villager (Male) |
| 0:02 | Build | House |
| 0:04 | Build | House |
| 0:09 | Queue | Villager (Male) |
| 0:09 | Queue | Villager (Male) |
| 0:10 | Queue | Villager (Male) |
| 1:30 | Queue | Villager (Male) |
| 1:30 | Queue | Villager (Male) |
| 1:56 | Build | Lumber Camp |
| 2:03 | Queue | Villager (Male) |
| 2:04 | Queue | Villager (Male) |
| 2:04 | Queue | Villager (Male) |
| 2:26 | Queue | Villager (Male) |
| 2:26 | Queue | Villager (Male) |
| 3:12 | Queue | Villager (Male) |
| 3:16 | Queue | Villager (Male) |
| 3:16 | Queue | Villager (Male) |
| 3:16 | Queue | Villager (Male) |
| 3:26 | Build | House |
| 3:56 | Queue | Villager (Male) |
| 3:58 | Queue | Villager (Male) |
| 3:58 | Queue | Villager (Male) |
| 3:58 | Queue | Villager (Male) |
| 4:08 | Queue | Villager (Male) |
| 4:08 | Queue | Villager (Male) |
| 4:48 | Build | Mining Camp |
| 5:14 | Queue | Villager (Male) |
| 5:41 | Queue | Villager (Male) |
| 6:12 | Research | Loom |
| 6:41 | Research | Feudal Age |
| 6:42 | Research | Feudal Age |
| 7:59 | Build | House |
| 8:51 | Age | Feudal Age |
| 8:52 | Build | Watch Tower |
| 8:53 | Queue | Villager (Male) |
| 8:59 | Queue | Villager (Male) |
| 9:30 | Queue | Villager (Male) |
| 9:49 | Queue | Villager (Male) |
| 9:51 | Build | House |
| 9:55 | Build | Blacksmith |
| 9:59 | Research | Double-Bit Axe |
| 9:59 | Research | Double-Bit Axe |
| 10:27 | Queue | Villager (Male) |
| 10:44 | Research | Wheelbarrow |
| 11:02 | Build | Mill |
| 11:10 | Build | Mill |
| 11:16 | Build | Watch Tower |
| 11:26 | Queue | Villager (Male) |
| 11:46 | Research | Fletching |
| 11:47 | Research | Fletching |
| 11:57 | Build | Watch Tower |
| 12:10 | Queue | Villager (Male) |
| 12:16 | Build | Farm |
| 12:17 | Build | Farm |
| 12:17 | Build | Farm |
| 12:17 | Build | Farm |
| 12:23 | Build | House |
| 12:31 | Queue | Villager (Male) |
| 13:16 | Queue | Villager (Male) |
| 13:34 | Queue | Villager (Male) |
| 13:37 | Build | Farm |
| 13:37 | Build | Farm |
| 13:37 | Build | Farm |
| 13:53 | Build | Farm |
| 13:53 | Build | Farm |
| 13:53 | Build | Farm |
| 13:55 | Queue | Villager (Male) |
| 14:22 | Queue | Villager (Male) |
| 14:30 | Build | Mill |
| 14:39 | Build | Watch Tower |
| 14:46 | Queue | Villager (Male) |
| 15:13 | Build | Market |
| 15:30 | Queue | Villager (Male) |
| 15:39 | Build | Stone Wall |
| 15:40 | Build | Stone Wall |
| 15:45 | Build | Stone Wall |
| 15:49 | Build | Stone Wall |
| 15:51 | Build | Stone Wall |
| 15:57 | Queue | Villager (Male) |
| 15:59 | Build | Farm |
| 15:59 | Build | Farm |
| 15:59 | Build | Farm |
| 16:38 | Queue | Villager (Male) |
| 16:40 | Build | Farm |
| 16:41 | Build | Farm |
| 16:41 | Build | Farm |
| 16:55 | Queue | Villager (Male) |
| 17:08 | Build | Farm |
| 17:08 | Build | Farm |
| 17:09 | Queue | Villager (Male) |
| 17:33 | Build | Stone Wall |
| 17:34 | Build | Stone Wall |
| 17:36 | Build | Stone Wall |
| 17:39 | Build | Stone Wall |
| 17:47 | Build | Stone Wall |
| 17:59 | Build | Stone Wall |
| 18:06 | Build | Stone Wall |
| 18:21 | Queue | Villager (Male) |
| 19:02 | Build | Stone Wall |
| 19:13 | Research | Castle Age |
| 19:13 | Research | Castle Age |
| 19:18 | Build | Stone Wall |
| 19:25 | Build | Stone Wall |
| 19:28 | Build | Stone Wall |
| 19:30 | Build | Stone Wall |
| 19:46 | Research | Horse Collar |
| 19:46 | Research | Gold Mining |
| 19:49 | Research | Gold Mining |
| 19:49 | Research | Gold Mining |
| 19:49 | Research | Gold Mining |
| 19:54 | Research | Stone Mining |
| 19:55 | Research | Stone Mining |
| 20:18 | Build | Farm |
| 20:32 | Research | Gold Mining |
| 21:06 | Queue | Villager (Male) |
| 21:53 | Age | Castle Age |
| 21:56 | Research | Bow Saw |
| 21:56 | Research | Heavy Plow |
| 21:57 | Research | Heavy Plow |
| 21:57 | Queue | Villager (Male) |
| 22:02 | Build | Town Center |
| 22:08 | Build | Town Center |
| 22:16 | Research | Stone Shaft Mining |
| 22:28 | Build | Farm |
| 22:30 | Build | Farm |
| 22:33 | Queue | Villager (Male) |
| 22:41 | Build | House |
| 22:47 | Queue | Villager (Male) |
| 22:55 | Queue | Villager (Male) |
| 22:59 | Queue | Villager (Male) |
| 22:59 | Queue | Villager (Male) |
| 22:59 | Queue | Villager (Male) |
| 23:09 | Build | Siege Workshop |
| 23:23 | Build | House |
| 23:25 | Queue | Villager (Male) |
| 23:27 | Queue | Villager (Male) |
| 23:51 | Queue | Mangonel |
| 23:54 | Queue | Villager (Male) |
| 23:54 | Queue | Villager (Male) |
| 23:55 | Queue | Villager (Male) |
| 23:55 | Queue | Villager (Male) |
| 23:55 | Queue | Villager (Male) |
| 24:08 | Build | Lumber Camp |
| 24:11 | Queue | Villager (Male) |
| 24:56 | Queue | Villager (Male) |
| 24:57 | Queue | Villager (Male) |
| 25:02 | Queue | Villager (Male) |
| 25:02 | Queue | Villager (Male) |
| 25:03 | Queue | Villager (Male) |
| 25:03 | Queue | Villager (Male) |
Match timeline
| 8:36 | jj1471 · first_building Barracks |
| 8:51 | Walmart · age_up feudal |
| 9:05 | jj1471 · wall_segment Palisade Wall x9 |
| 9:12 | jj1471 · wall_segment Palisade Wall x8 |
| 9:16 | jj1471 · wall_segment Palisade Wall x2 |
| 10:18 | jj1471 · wall_segment Palisade Wall x9 |
| 10:24 | jj1471 · wall_segment Palisade Wall x12 |
| 11:21 | jj1471 · age_up feudal |
| 11:29 | jj1471 · first_building Stable |
| 14:57 | jj1471 · age_up castle |
| 14:59 | jj1471 · first_building Siege Workshop |
| 15:39 | Walmart · wall_segment Stone Wall x1 |
| 15:40 | Walmart · wall_segment Stone Wall x1 |
| 15:45 | Walmart · wall_segment Stone Wall x1 |
| 15:49 | Walmart · wall_segment Stone Wall x1 |
| 15:51 | Walmart · wall_segment Stone Wall x1 |
| 17:33 | Walmart · wall_segment Stone Wall x1 |
| 17:34 | Walmart · wall_segment Stone Wall x1 |
| 17:36 | Walmart · wall_segment Stone Wall x1 |
| 17:39 | Walmart · wall_segment Stone Wall x1 |
| 17:47 | Walmart · wall_segment Stone Wall x1 |
| 17:59 | Walmart · wall_segment Stone Wall x1 |
| 18:06 | Walmart · wall_segment Stone Wall x1 |
| 19:02 | Walmart · wall_segment Stone Wall x1 |
| 19:18 | Walmart · wall_segment Stone Wall x1 |
| 19:25 | Walmart · wall_segment Stone Wall x1 |
| 19:28 | Walmart · wall_segment Stone Wall x1 |
| 19:30 | Walmart · wall_segment Stone Wall x1 |
| 20:13 | jj1471 · first_building Monastery |
| 21:53 | Walmart · age_up castle |
| 22:19 | jj1471 · wall_segment Stone Wall x1 |
| 23:04 | Walmart · first_market_buy 100 wood |
| 23:09 | Walmart · first_building Siege Workshop |
| 23:47 | Walmart · first_market_sell 100 wood |
| 25:22 | Walmart · first_building Monastery |
| 28:18 | Walmart · first_building Castle |
| 29:33 | jj1471 · first_market_sell 100 food |
| 29:58 | Walmart · first_building Barracks |
| 30:11 | jj1471 · first_building Castle |
| 30:43 | Walmart · first_building Archery Range |
| 32:51 | jj1471 · age_up imperial |
| 33:04 | Walmart · age_up imperial |
| 33:27 | jj1471 · first_market_buy 100 stone |
| 34:38 | Walmart · wall_segment Stone Wall x1 |
| 37:37 | Walmart · wall_segment Stone Wall x3 |
| 40:04 | Walmart · resign |
[ AI ANALYSIS · 1 CREDIT ]
What really happened in this match?
Wolo.gg analyzes every decision: build order, eco, micro, common mistakes by bracket. Personalized analysis on WhatsApp or Discord in 30 seconds.
Civ guide
Khitans
Perfil
Jugador #233339